 Dungeon Crawl Stone Soup version 0.24.0-125-gc4c63601f3 (webtiles) character file.

Game seed: 1334523779607575113, levelgen mode: deterministic

1475 Descartes the Grappler (level 8, -6/70 HPs)
             Began as a Troll Warper on Feb 21, 2020.
             Mangled by a vampire (9 damage)
             ... on level 5 of the Dungeon.
             The game lasted 00:12:11 (3345 turns).

Descartes the Grappler (Troll Warper)               Turns: 3345, Time: 00:12:12

Health: -6/70      AC:  6    Str: 18    XL:     8   Next: 49%
Magic:  8/8        EV: 10    Int: 11    God:
Gold:   153        SH:  0    Dex:  9    Spells: 5/9 levels left

rFire    . . .     SeeInvis .     - Unarmed
rCold    + . .     Gourm    +   (no shield)
rNeg     . . .     Faith    .   a - +0 robe
rPois    .         Spirit   .   (helmet restricted)
rElec    .         Reflect  .   (no cloak)
rCorr    +         Harm     .   (gloves unavailable)
MR       .....     Clarity  +   (boots unavailable)
Stlth    +.........             (no amulet)
HPRegen  0.61/turn              r - ring of resist corrosion
MPRegen  0.11/turn              (no ring)

@: no status effects
A: large, unfitting armour, claws 3, clarity, cold resistance 1, fast metabolism
3, gourmand, regeneration 1, shaggy fur 1, tough skin 3, weak 1, MP-powered
wands
a: no special abilities


You were on level 5 of the Dungeon.
You were completely stuffed.

You visited 1 branch of the dungeon, and saw 5 of its levels.
You also visited: Ossuary.

You collected 153 gold pieces.

Inventory:

Hand Weapons
 n - a +5 quarterstaff of chaos
Missiles
 d - 5 boomerangs of dispersal (quivered)
 e - 243 stones
 j - 4 curare-tipped darts
 p - 73 sling bullets
 u - 15 poisoned darts
 y - 26 arrows
 C - 32 bolts
Armour
 a - a +0 robe (worn)
 s - a +2 cloak
Jewellery
 r - a ring of resist corrosion (left claw)
Wands
 q - a wand of flame (16)
Scrolls
 c - a scroll of blinking
 h - 3 scrolls of remove curse
 i - 6 scrolls of teleportation
 l - a scroll of enchant weapon
 m - a scroll of amnesia
 o - 2 scrolls of identify
 x - 2 scrolls of immolation
Potions
 b - 4 potions of curing
 g - a potion of mutation
 k - a potion of lignification
 v - 3 potions of haste
 w - a potion of flight
 z - a potion of cancellation
 A - 2 potions of brilliance
 D - a potion of heal wounds
Comestibles
 f - 9 rations
 B - a chunk of flesh


   Skills:
 - Level 1.5 Fighting
 - Level 0.8 Throwing
 - Level 1.9 Dodging
 * Level 9.4 Unarmed Combat
 - Level 1.2 Spellcasting
 + Level 4.5 Translocations


You had 5 spell levels left.
You knew the following spells:

 Your Spells              Type           Power        Failure   Level  Hunger
a - Blink                 Tloc           N/A          8%          2    ###....
b - Shroud of Golubria    Chrm/Tloc      #.....       19%         2    ###....

Your spell library contained the following spells:

 Spells                   Type           Power        Failure   Level  Hunger
 Gell's Gravitas          Tloc           ##........   14%         3    ####...
 Lesser Beckoning         Tloc           ##........   14%         3    ####...
 Teleport Other           Tloc           ##......     14%         3    ####...
 Passage of Golubria      Tloc           N/A          43%         4    #####..


Dungeon Overview and Level Annotations

Branches:
Dungeon (5/15)            Ossuary (visited)
 Temple: D:4-7

Altars:
Dithmenos
Gozag
Wu Jian
The Shining One

Shops:
D:4 %


Innate Abilities, Weirdness & Mutations

You are too large for most types of armour.
You have claws for hands.
Your metabolism is lightning-fast.
You like to eat raw meat.
Your natural rate of healing is unusually fast.
You are covered in fur. (AC +1)
You have extremely tough skin. (AC +3)
You possess an exceptional clarity of mind.
Your flesh is cold resistant. (rC+)
You are weak. (Str -2)
You expend magic power (3 MP) to strengthen your wands.


Message History

You are too injured to fight recklessly!
You closely miss the vampire. You claw the vampire!
The vampire is heavily damaged.
The vampire hits you! The vampire bites you!
* * * LOW HITPOINT WARNING * * *
The vampire draws strength from your injuries!
You completely miss the vampire.
The vampire is heavily damaged.
The vampire gestures wildly while chanting.
The vampire flickers and vanishes!
Deactivating autopickup; reactivate with Ctrl-A.
You closely miss something. Something hits you.
* * * LOW HITPOINT WARNING * * *
Something bites you but does no damage.
You scratch something.
Unholy energy fills the air.
* * * LOW HITPOINT WARNING * * *
You barely miss something. You scratch something but do no damage.
Your claw misses something. Something hits you!
You die...

.... ....
##...#.... ..
#...#..... #.#
##.......
#.###......
#......†.#
##...#os#
#....##{#
###.....#@#
##.........#
.......<...##
.......#....#
...##...#.......
. ##..##!....#
#.. ....#.+ ##.
......# #.
......


You could see an orc and a giant cockroach.

Vanquished Creatures
  Sigmund (D:4)
  2 water moccasin zombies (Ossuary)
  2 wyvern zombies (Ossuary)
  A howler monkey (D:4)
  4 bullfrog zombies (Ossuary)
  A hound (D:5)
  3 centaur zombies (Ossuary)
  Crazy Yiuf (D:2)
  2 orc priests (D:4)
  3 orc wizards (D:4)
  10 mummies (Ossuary)
  2 iguanas (D:4)
  A worker ant (D:4)
  Natasha (thrice) (D:2)
  6 hound zombies (Ossuary)
  A hound skeleton (D:4)
  A worker ant zombie (Ossuary)
  7 adders
  An ooze (D:3)
  An adder zombie (Ossuary)
  2 dart slugs (D:1)
  A leopard gecko (D:3)
  15 orcs
  7 goblins
  5 hobgoblins
  2 jackals (D:5)
  6 kobolds
  A ball python (D:3)
  9 bats
  4 frilled lizards
  A gnoll zombie (D:4)
  2 leopard gecko zombies (Ossuary)
  8 rats
  3 fungi (D:2)
  A withered plant (Ossuary)
120 creatures vanquished.

Vanquished Creatures (others)
  An orc wizard (D:4)
  A fungus (D:2)
  3 withered plants (Ossuary)
5 creatures vanquished.

Grand Total: 125 creatures vanquished

Notes
Turn   | Place    | Note
-------+----------+-------------------------------------------
     0 | D:1      | Descartes the Troll Warper began the quest for the Orb.
     0 | D:1      | Reached XP level 1. HP: 19/19 MP: 1/1
   136 | D:1      | Reached XP level 2. HP: 27/27 MP: 2/2
   205 | D:1      | Reached skill level 3 in Unarmed Combat
   610 | D:2      | Reached XP level 3. HP: 30/33 MP: 3/3
   639 | D:2      | Found a faded altar of an unknown god.
   666 | D:2      | Noticed Natasha
   678 | D:2      | Killed Natasha
   678 | D:2      | Reached skill level 4 in Unarmed Combat
   705 | D:2      | Noticed Natasha
   714 | D:2      | HP: 1/33 [Natasha (3)]
   717 | D:2      | Killed Natasha
   717 | D:2      | Reached XP level 4. HP: 3/41 MP: 4/4
   966 | D:2      | Noticed Natasha
   968 | D:2      | Killed Natasha
   968 | D:2      | Reached skill level 5 in Unarmed Combat
  1113 | D:2      | Reached XP level 5. HP: 48/48 MP: 5/5
  1217 | D:2      | Found a runed translucent door.
  1218 | D:2      | Noticed Crazy Yiuf
  1310 | D:2      | Killed Crazy Yiuf
  1355 | D:3      | Learned a level 2 spell: Blink
  1358 | D:3      | Learned a level 2 spell: Shroud of Golubria
  1440 | D:3      | Found a glowing golden altar of the Shining One.
  1605 | D:3      | Found an ornate altar of the Wu Jian Council.
  1605 | D:3      | Found an opulent altar of Gozag.
  1876 | D:4      | Noticed Sigmund
  1887 | D:4      | Reached skill level 6 in Unarmed Combat
  1895 | D:4      | Killed Sigmund
  1895 | D:4      | Reached XP level 6. HP: 55/55 MP: 6/6
  1924 | D:4      | Gained mutation: You possess an exceptional clarity of
                  | mind. [potion of mutation]
  1924 | D:4      | Gained mutation: You are weak. (Str -2) [potion of
                  | mutation]
  1924 | D:4      | Gained mutation: Your flesh is cold resistant. (rC+)
                  | [potion of mutation]
  1924 | D:4      | Gained mutation: You expend magic power (3 MP) to
                  | strengthen your wands. [potion of mutation]
  2044 | D:4      | Reached skill level 7 in Unarmed Combat
  2051 | D:4      | Reached XP level 7. HP: 58/62 MP: 7/7
  2061 | D:4      | Found a sand-covered staircase.
  2122 | Ossuary  | Entered an ossuary
  2286 | Ossuary  | Reached skill level 8 in Unarmed Combat
  2345 | Ossuary  | HP: 3/62 [wyvern zombie (8)]
  2489 | Ossuary  | Reached XP level 8. HP: 70/70 MP: 8/8
  2598 | Ossuary  | Reached skill level 9 in Unarmed Combat
  2806 | D:4      | Found a shadowy altar of Dithmenos.
  2883 | D:4      | Found Ahoxzas's Food Shoppe.
  3316 | D:5      | Entered Level 5 of the Dungeon
  3343 | D:5      | HP: 2/70 [something/vampiric draining (8)]
  3345 | D:5      | Mangled by a vampire

Levels and vault maps discovered:
D:1:      lightli_arrival_windingriver, layout_rooms
D:2:      layout_loops_ring, chequers_ecumenical_altar_simple,
          uniq_crazy_yiuf_cottage, uniq_natasha
D:3:      layout_basic, old_standard_altar, gammafunk_temple_overflow_elements
D:4:      layout_layer_cave, nicolae_dithmenos_the_darkroom, enter_ossuary_3,
          serial_shops, kennysheep_mini_moat, uniq_sigmund
D:5:      layout_layer_cave, evilmike_ruin_ashenzari, first_ration,
          eino_curves_01, minmay_joined_circles

Skill      XL: |  1  2  3  4  5  6  7  8 |
---------------+-------------------------+-----
Unarmed Combat | 3 4 5 6 7 8 9 |  9.4
Translocations | 3 4 |  4.5
Fighting       | |  1.5
Throwing       | |  0.8
Dodging        | |  1.9
Spellcasting   | |  1.2

Action                   |  1- 3 |  4- 6 |  7- 9 || total
-------------------------+-------+-------+-------++-------
Melee: Unarmed           |    93 |   129 |   233 ||   455
       Punch             |     2 |     1 |     6 ||     9
  Use: Scroll            |       |     9 |     7 ||    16
       Potion            |       |     1 |     1 ||     2
 Stab: Sleeping          |       |     1 |       ||     1
       Distracted        |       |       |     1 ||     1
  Eat: Chunk             |    12 |    12 |    13 ||    37
Armor: Robe              |    27 |    32 |    45 ||   104
Dodge: Dodged            |    41 |    47 |    90 ||   178
